General information
- name: BNet
- type: Ladder team game (AT/RT)
- host: Battle.net
- saver: I_MASS_MOONWELL
map: FullScaleAssault
- players: 8
- length: 23:13
- speed: Fast
- version: 1.26 W3XP
- replay type: Public
» download(115 KB)
Players
team 1 (loser)
shadowassasin45 (
red | 31 APM | 713 actions | 23:12)
3 Warden
1 Shadow Strike
1 Fan of Knives
1 Blink
» actions
| Assign group hotkey | 2 | |
| Basic commands | 3 | |
| Build / train | 106 | |
| Enter build submenu | 27 | |
| Enter hero's abilities submenu | 3 | |
| Right click | 269 | |
| Select / deselect | 260 | |
| Select group hotkey | 4 | |
| Use ability | 39 | |
713 total
» units
| Wisp | 11 | |
| Huntress | 28 | |
| Archer | 1 | |
| Dryad | 41 | |
| Frost Wyrm | 7 | |
88 total
» upgrades
| Strength of the Moon | 1 | |
| Moon Armor | 1 | |
| Reinforced Hides | 2 | |
| Strength of the Wild | 2 | |
| Creature Carapace | 1 | |
| Unholy Armor | 1 | |
| Unholy Strength | 1 | |
9 total
» buildings
| Altar of Elders | 1 | |
| Moon Well | 6 | |
| Ancient of War | 1 | |
| Ancient of Wonders | 1 | |
| Hunter's Hall | 1 | |
| Ancient Protector | 1 | |
| Tree of Ages | 1 | |
| Lumber Mill | 1 | |
| Blacksmith | 1 | |
| Arcane Tower | 2 | |
| Ancient of Lore | 1 | |
| Farm | 4 | |
| Tree of Eternity | 1 | |
22 total
» build order
00:28 Altar of Elders
00:41 Moon Well
01:30 Ancient of War
02:01 Ancient of Wonders
02:49 Hunter's Hall
03:07 Moon Well
04:10 Moon Well
04:21 Ancient Protector
05:38 Moon Well
06:58 Moon Well
07:30 Tree of Ages
08:14 Moon Well
08:58 Lumber Mill
09:06 Blacksmith
09:47 Arcane Tower
10:05 Ancient of Lore
13:21 Farm
13:23 Arcane Tower
13:27 Farm
16:02 Tree of Eternity
16:20 Farm
16:22 Farm
theSKiBUM (
blue | 47 APM | 894 actions | 19:12)
4 Warden
2 Shadow Strike
1 Fan of Knives
1 Blink
» actions
| Assign group hotkey | 19 | |
| Build / train | 61 | |
| Enter build submenu | 19 | |
| Enter hero's abilities submenu | 4 | |
| Remove unit from queue | 1 | |
| Right click | 286 | |
| Select / deselect | 188 | |
| Select group hotkey | 263 | |
| Use ability | 52 | |
894 total
» units
| Wisp | 20 | |
| Archer | 2 | |
| Huntress | 7 | |
| Druid of the Claw | 5 | |
| Druid of the Talon | 6 | |
40 total
» upgrades
| Sentinel | 1 | |
| Druid of the Claw Training | 2 | |
| Druid of the Talon Training | 2 | |
| Upgrade Moon Glaive | 1 | |
| Strength of the Wild | 2 | |
| Reinforced Hides | 1 | |
| Mark of the Talon | 1 | |
| Mark of the Claw | 1 | |
| Well Spring | 1 | |
12 total
» buildings
| Altar of Elders | 1 | |
| Moon Well | 8 | |
| Ancient of War | 2 | |
| Hunter's Hall | 1 | |
| Ancient of Wonders | 1 | |
| Tree of Ages | 1 | |
| Tree of Life | 3 | |
| Ancient of Lore | 1 | |
| Tree of Eternity | 1 | |
| Ancient of Wind | 1 | |
20 total
» build order
00:07 Altar of Elders
00:07 Moon Well
01:35 Ancient of War
02:00 Moon Well
02:22 Hunter's Hall
03:08 Moon Well
03:12 Ancient of Wonders
04:20 Moon Well
05:00 Tree of Ages
05:11 Ancient of War
06:14 Moon Well
07:26 Tree of Life
07:32 Tree of Life
07:49 Ancient of Lore
09:16 Tree of Eternity
10:00 Ancient of Wind
13:30 Tree of Life
13:45 Moon Well
13:45 Moon Well
15:49 Moon Well
» items
Powermax (
purple | 26 APM | 501 actions | 19:07)
2 Dreadlord
2 Sleep
» actions
| Build / train | 35 | |
| Enter build submenu | 20 | |
| Enter hero's abilities submenu | 2 | |
| Right click | 298 | |
| Select / deselect | 122 | |
| Use ability | 24 | |
501 total
» units
| Acolyte | 3 | |
| Ghoul | 4 | |
| Crypt Fiend | 10 | |
| Frost Wyrm | 1 | |
18 total
» upgrades
| Creature Attack | 3 | |
| Creature Carapace | 3 | |
| Web | 1 | |
7 total
» buildings
| Altar of Darkness | 1 | |
| Ziggurat | 10 | |
| Crypt | 2 | |
| Graveyard | 1 | |
| Spirit Tower | 5 | |
| Halls of the Dead | 1 | |
| Sacrificial Pit | 1 | |
| Black Citadel | 1 | |
| Boneyard | 2 | |
24 total
» build order
00:19 Altar of Darkness
00:25 Ziggurat
01:02 Crypt
01:11 Graveyard
01:56 Ziggurat
02:05 Crypt
02:58 Ziggurat
03:06 Ziggurat
05:13 Spirit Tower
06:15 Spirit Tower
06:17 Spirit Tower
07:42 Halls of the Dead
08:18 Ziggurat
09:27 Spirit Tower
10:20 Sacrificial Pit
12:03 Black Citadel
14:17 Ziggurat
14:22 Ziggurat
15:01 Boneyard
15:09 Boneyard
16:36 Spirit Tower
17:35 Ziggurat
17:39 Ziggurat
17:43 Ziggurat
TROLLIZARD (
orange | 4 APM | 38 actions | 08:41)
» actions
| Build / train | 9 | |
| Enter build submenu | 4 | |
| Right click | 4 | |
| Select / deselect | 13 | |
| Use ability | 8 | |
38 total
» units
» buildings
» build order
06:46 Scout Tower
06:49 Scout Tower
06:51 Scout Tower
06:53 Scout Tower
06:55 Scout Tower
06:56 Scout Tower
06:59 Scout Tower
07:28 Barracks
team 2 (winner)
Unholy_angel_2 (
teal | 29 APM | 672 actions | 23:13)
7 Priestess of the Moon
3 Trueshot Aura
3 Searing Arrows
1 Scout
» actions
| Build / train | 77 | |
| Enter build submenu | 20 | |
| Enter hero's abilities submenu | 7 | |
| Right click | 201 | |
| Select / deselect | 308 | |
| Use ability | 59 | |
672 total
» units
| Wisp | 22 | |
| Archer | 10 | |
| Druid of the Claw | 8 | |
| Druid of the Talon | 12 | |
| Hippogryph | 2 | |
54 total
» upgrades
| Strength of the Wild | 3 | |
| Reinforced Hides | 3 | |
| Druid of the Claw Training | 2 | |
| Druid of the Talon Training | 2 | |
| Mark of the Claw | 1 | |
| Mark of the Talon | 1 | |
12 total
» buildings
| Moon Well | 9 | |
| Altar of Elders | 1 | |
| Ancient of War | 1 | |
| Hunter's Hall | 1 | |
| Tree of Ages | 1 | |
| Ancient of Lore | 2 | |
| Ancient of Wind | 1 | |
| Ancient of Wonders | 1 | |
| Tree of Eternity | 1 | |
| Tree of Life | 1 | |
19 total
» build order
00:05 Moon Well
00:19 Altar of Elders
01:06 Ancient of War
01:44 Moon Well
02:25 Hunter's Hall
03:34 Moon Well
04:02 Tree of Ages
06:02 Moon Well
06:52 Ancient of Lore
06:59 Moon Well
07:03 Ancient of Lore
07:30 Ancient of Wind
07:34 Ancient of Wonders
07:55 Moon Well
08:00 Tree of Eternity
09:06 Moon Well
10:08 Moon Well
11:09 Moon Well
12:40 Tree of Life
TC_Deathhunter (
yellow | 25 APM | 585 actions | 23:13)
3 Shadow Hunter
1 Serpent Ward
1 Healing Wave
1 Hex
» actions
| Basic commands | 6 | |
| Build / train | 39 | |
| Enter build submenu | 14 | |
| Enter hero's abilities submenu | 3 | |
| Give item / drop item | 1 | |
| Right click | 273 | |
| Select / deselect | 215 | |
| Use ability | 34 | |
585 total
» units
| Peon | 8 | |
| Grunt | 3 | |
| Troll Headhunter/Berserker | 4 | |
| Goblin Sapper | 1 | |
| Goblin Zeppelin | 1 | |
| Wind Rider | 9 | |
26 total
» upgrades
| Melee Weapons | 1 | |
| Armor | 1 | |
| Ranged Weapons | 2 | |
| Berserker Upgrade | 1 | |
| Troll Regeneration | 1 | |
6 total
» buildings
| Altar of Storms | 1 | |
| Orc Burrow | 4 | |
| Barracks | 1 | |
| War Mill | 1 | |
| Watch Tower | 2 | |
| Stronghold | 1 | |
| Voodoo Lounge | 1 | |
| Beastiary | 1 | |
| Fortress | 1 | |
13 total
» build order
00:21 Altar of Storms
00:51 Orc Burrow
01:14 Barracks
01:59 War Mill
02:26 Orc Burrow
04:12 Watch Tower
06:08 Stronghold
06:20 Voodoo Lounge
06:30 Orc Burrow
09:17 Beastiary
11:54 Orc Burrow
15:15 Watch Tower
15:37 Fortress
» items
pentrenko (
green | 37 APM | 850 actions | 23:13)
7 Archmage
3 Summon Water Elemental
3 Brilliance Aura
1 Mass Teleport
» actions
| Assign group hotkey | 8 | |
| Basic commands | 17 | |
| Build / train | 59 | |
| Enter build submenu | 22 | |
| Enter hero's abilities submenu | 7 | |
| Remove unit from queue | 1 | |
| Right click | 476 | |
| Select / deselect | 167 | |
| Select group hotkey | 56 | |
| Use ability | 37 | |
850 total
» units
| Peasant | 14 | |
| Footman | 6 | |
| Rifleman | 3 | |
| Knight | 4 | |
| Gryphon Rider | 7 | |
| Priest | 1 | |
35 total
» upgrades
| Swords | 2 | |
| Lumber Harvesting | 1 | |
| Masonry | 1 | |
| Animal War Training | 1 | |
| Magic Sentry | 1 | |
| Storm Hammers | 1 | |
| Armor | 1 | |
| Plating | 1 | |
9 total
» buildings
| Altar of Kings | 1 | |
| Farm | 13 | |
| Barracks | 2 | |
| Lumber Mill | 1 | |
| Scout Tower | 4 | |
| Arcane Tower | 1 | |
| Blacksmith | 1 | |
| Arcane Vault | 1 | |
| Keep | 1 | |
| Guard Tower | 3 | |
| Castle | 1 | |
| Gryphon Aviary | 2 | |
| Arcane Sanctum | 1 | |
| Town Hall | 2 | |
34 total
» build order
00:28 Altar of Kings
00:41 Farm
00:42 Farm
00:56 Barracks
01:34 Lumber Mill
02:02 Farm
02:03 Farm
02:15 Scout Tower
02:50 Arcane Tower
02:55 Blacksmith
03:23 Barracks
03:31 Farm
03:33 Farm
04:38 Arcane Vault
04:43 Keep
04:54 Farm
05:39 Scout Tower
05:49 Farm
05:50 Farm
06:08 Guard Tower
06:14 Scout Tower
07:27 Guard Tower
07:51 Farm
07:52 Farm
07:53 Farm
07:54 Farm
08:34 Scout Tower
08:39 Castle
09:10 Guard Tower
09:18 Gryphon Aviary
09:20 Gryphon Aviary
09:26 Arcane Sanctum
12:51 Town Hall
15:39 Town Hall
I_MASS_MOONWELL (
pink | 68 APM | 1575 actions | 23:13)
5 Paladin
3 Holy Light
2 Divine Shield
1 Goblin Alchemist
1 Acid Bomb
» actions
| Assign group hotkey | 32 | |
| Basic commands | 70 | |
| Build / train | 59 | |
| Enter build submenu | 20 | |
| Enter hero's abilities submenu | 6 | |
| Right click | 499 | |
| Select / deselect | 283 | |
| Select group hotkey | 569 | |
| Use ability | 33 | |
1575 total
» units
| Peasant | 9 | |
| Footman | 4 | |
| Flying Machine | 16 | |
| Goblin Shredder | 1 | |
30 total
» upgrades
| Masonry | 3 | |
| Plating | 3 | |
| Flying Machine Bombs | 1 | |
| Flak Cannons | 1 | |
| Gunpowder | 3 | |
| Lumber Harvesting | 1 | |
12 total
» buildings
| Altar of Kings | 1 | |
| Barracks | 1 | |
| Farm | 9 | |
| Lumber Mill | 1 | |
| Keep | 1 | |
| Blacksmith | 1 | |
| Scout Tower | 5 | |
| Arcane Vault | 1 | |
| Arcane Tower | 1 | |
| Castle | 1 | |
| Workshop | 3 | |
| Guard Tower | 2 | |
27 total
» build order
00:05 Altar of Kings
00:08 Barracks
00:11 Farm
01:01 Lumber Mill
01:52 Farm
02:17 Farm
03:29 Keep
03:31 Blacksmith
03:38 Scout Tower
03:42 Arcane Vault
04:16 Arcane Tower
06:24 Castle
06:42 Workshop
06:49 Workshop
07:05 Workshop
10:47 Farm
10:48 Farm
10:49 Farm
15:04 Farm
15:05 Farm
15:06 Farm
15:30 Scout Tower
15:32 Scout Tower
15:33 Scout Tower
15:36 Scout Tower
16:16 Guard Tower
19:14 Guard Tower
» items
| Scroll of Regeneration | 1 | |
| Potion of Healing | 1 | |
| Orb of Fire | 1 | |
| Healing Salve | 1 | |
4 total
Chat log
(00:15 / All) I_MASS_MOONWELL: Hi
(00:24 / Allies) TC_Deathhunter: hello
(00:28 / Allies) Unholy_angel_2: rush?
(00:34 / Allies) TC_Deathhunter: yes
(00:43 / Allies) I_MASS_MOONWELL: okedoke
(00:43 / Allies) pentrenko: sure
(01:40 / Allies) I_MASS_MOONWELL: woops, late hero, oh well
(04:50 / Allies) TC_Deathhunter: not comin green?
(05:02 / Allies) I_MASS_MOONWELL: he has nothing
(05:03 / Allies) pentrenko: im coming
(05:07 / Allies) I_MASS_MOONWELL: oh nevermind
(05:12 / Allies) I_MASS_MOONWELL: he has more than me
(05:33 / Allies) TC_Deathhunter: well i killed 1 huntress
(05:34 / Allies) TC_Deathhunter: XD
(05:44 / Allies) I_MASS_MOONWELL: omw teal
(05:46 / Allies) Unholy_angel_2: everyones lagging!
(06:06 / Allies) I_MASS_MOONWELL: Oh sure, run as soon as I get there
(06:11 / Allies) I_MASS_MOONWELL: What is this, High School?
(06:22 / Allies) Unholy_angel_2: you have 2 soldiers? Wtf are you gonna do?
(06:27 / Allies) I_MASS_MOONWELL: and a PALADIN
(06:32 / Allies) I_MASS_MOONWELL: and two other soldiers
(06:44 / Allies) Unholy_angel_2: oh nice. well they have 4 hunts and 4 spiders.
(06:51 / Allies) I_MASS_MOONWELL: ah
(07:04 / Allies) pentrenko: we should hurry they know we're rushing
(07:11 / Allies) pentrenko: before they get towered up
(07:24 / Allies) Unholy_angel_2: oj has nothing, hes teching.
(07:32 / Allies) I_MASS_MOONWELL: uh...
(07:33 / Allies) I_MASS_MOONWELL: lol
(07:37 / Allies) I_MASS_MOONWELL: he had NO BUILDINGS
(07:41 / Allies) I_MASS_MOONWELL: so i don't think he's teching
(07:46 / Allies) Unholy_angel_2: because hes getting castle.
(08:41 / Allies) TC_Deathhunter: is green afk?
(08:43 / Allies) pentrenko: no
(08:46 / Allies) TC_Deathhunter: LOL
(09:06 / Allies) TC_Deathhunter: we may end up winning by default
(10:34 / Allies) I_MASS_MOONWELL: they're attakcing
(10:49 / Allies) pentrenko: from the north?
(10:51 / Allies) I_MASS_MOONWELL: yeah
(10:53 / Allies) I_MASS_MOONWELL: that's where i pinged
(11:20 / Allies) TC_Deathhunter: green wait
(11:31 / Allies) TC_Deathhunter: marry christmas
(12:20 / Allies) Unholy_angel_2: i dont think they're attacking..
(12:20 / Allies) pentrenko: this isnt much of a rush :P
(12:26 / Allies) I_MASS_MOONWELL: yeah
(12:32 / Allies) I_MASS_MOONWELL: it kinda fell through once they "totally kicked our ass"
(13:07 / Allies) TC_Deathhunter: getting winds
(14:12 / Allies) TC_Deathhunter: oh god
(14:46 / Allies) TC_Deathhunter: well that kinda faild
(14:58 / Allies) pentrenko: just kinda?
(15:08 / Allies) TC_Deathhunter: well i only lost a watch tower
(16:04 / Allies) Unholy_angel_2: i lost an archerf..
(16:27 / Allies) TC_Deathhunter: if reds massing hunts hes fucked against air
(16:37 / Allies) TC_Deathhunter: and blue
(16:40 / Allies) I_MASS_MOONWELL: purp makin bone dragnos
(17:16 / Allies) TC_Deathhunter: hahahaha
(18:06 / Allies) TC_Deathhunter: lol red was chaseing me then he ran into creeps
(19:12 / Allies) TC_Deathhunter: :)
(19:15 / Allies) TC_Deathhunter: LOL
(19:15 / Allies) Unholy_angel_2: lost 1 bear.
(19:21 / Allies) I_MASS_MOONWELL: Good job everyone
(19:41 / Allies) TC_Deathhunter: we dint win yet
(19:56 / Allies) TC_Deathhunter: 1 guy could control all 4 armys i guess 0-o
(21:03 / Allies) TC_Deathhunter: everyone on purple
(21:58 / Allies) I_MASS_MOONWELL: anyone need resources?
(22:09 / Allies) TC_Deathhunter: lol wow pink
(22:09 / Allies) Unholy_angel_2: gold?
(22:29 / Allies) Unholy_angel_2: wtf?
(22:30 / Allies) I_MASS_MOONWELL: oh he actually did get some wyrms out